[Event "Team 45 45 League T81"]
[Site "Internet Chess Club"]
[Date "2019.07.30"]
[Round "5"]
[White "grekor"]
[Black "Megasus"]
[Result "0-1"]
[WhiteElo "1111"]
[BlackElo "1514"]
[Opening "Sicilian: closed"]
[ECO "B23"]
[Time "13:00:23"]
[TimeControl "2700+45"]

1. e4 c5 2. Nc3 a6 3. Bc4 e6 4. Nf3 Nc6 5. O-O h6 6. d3 Qc7 7. Be3 Nf6 8. d4 Ng4
9. dxc5 Nxe3 10. fxe3 Bxc5 11. Qe2 O-O 12. Qf2 b5 13. Bb3 Qb6 14. Rae1 Bb7 15.
Nh4 Ne5 16. Qf4 Ng6 17. Nxg6 fxg6 18. Qg3 Rxf1+ 19. Kxf1 Rf8+ 20. Kg1 a5 21. a4
b4 22. Nb5 Bxe4 23. Nd4 d5 24. Qh3 Bxd4 25. exd4 Qxd4+ 26. Kh1 Qe5 27. c4 Bxg2+
28. Kxg2 Qxe1 29. Qg3 Qf1# {White checkmated} 0-1

[Event "Team 45 45 League T81"]
[Site "Internet Chess Club"]
[Date "2019.07.28"]
[Round "5"]
[White "g8wrb"]
[Black "sdcohle"]
[Result "1-0"]
[WhiteElo "1322"]
[BlackElo "1303"]
[Opening "Nimzovich-Larsen attack: classical variation"]
[ECO "A01"]
[Time "15:01:19"]
[TimeControl "2700+45"]

1. b3 d5 2. Bb2 e6 3. e3 Nf6 4. Nf3 Nbd7 5. Bb5 c6 6. Be2 Bd6 7. O-O e5 8. c4
O-O 9. Qc2 e4 10. Nd4 Re8 11. Nf5 Bc7 12. cxd5 cxd5 13. Nc3 Ne5 14. Nd4 Bg4 15.
h3 Bxh3 16. gxh3 Nf3+ 17. Nxf3 exf3 18. Bxf3 Qd6 19. Rfd1 Qh2+ 20. Kf1 Qxh3+ 21.
Ke2 d4 22. Rh1 Qd7 23. Na4 Ba5 24. Qd3 Rad8 25. Nc5 Qd6 26. Ne4 Nxe4 27. Bxe4
Rxe4 28. Qxe4 d3+ 29. Kf3 f5 30. Qc4+ Kh8 31. Bxg7+ Kxg7 32. Rag1+ Kf6 33. Rh6+
Ke5 34. Qf4+ Kd5 35. Qd4+ Kc6 36. Rc1+ Kb5 37. Rxd6 Rxd6 38. Rc5+ Ka6 39. Qxd6+
Bb6 40. Rc4 h5 41. Qa3+ Ba5 42. b4 b6 43. bxa5 h4 44. Rxh4 f4 45. Rxf4 b5 46.
Rf6+ Kb7 47. Qe7+ Ka8 48. Rf8# {Black checkmated} 1-0

[Event "Team 45 45 League T81"]
[Site "Internet Chess Club"]
[Date "2019.07.30"]
[Round "5"]
[White "Kidpython"]
[Black "Janna"]
[Result "1/2-1/2"]
[WhiteElo "1109"]
[BlackElo "1264"]
[Opening "Ruy Lopez: Berlin defense, Beverwijk variation"]
[ECO "C65"]
[Time "13:00:32"]
[TimeControl "2700+45"]

1. e4 e5 2. Nf3 Nc6 3. Bb5 Nf6 4. O-O Bc5 5. c3 O-O 6. Re1 Qe7 7. d4 exd4 8.
cxd4 Bb4 9. Bd2 Bxd2 10. Nbxd2 d6 11. h3 a6 12. Bxc6 bxc6 13. Qc2 Bb7 14. Nf1 c5
15. Ng3 Rae8 16. e5 dxe5 17. Rxe5 Qd6 18. Rxe8 Rxe8 19. Qxc5 Nd7 20. Qxd6 cxd6
21. Re1 Rc8 22. Nf5 Kf8 23. Nxd6 Rb8 24. Ne5 Nxe5 25. Rxe5 Bc6 26. d5 Bd7 27. b3
f6 28. Rh5 Rb6 29. Nc4 Rb5 30. Nd6 Ra5 31. Rxh7 Rxd5 32. Nb7 Rd1+ 33. Kh2 Rd2
34. Nc5 Bc6 35. Ne6+ Ke8 36. Nxg7+ Kd8 37. Kg3 Rxa2 38. Rh6 Ra3 39. Rxf6 Rxb3+
40. f3 Rb7 41. Rxc6 Rxg7+ 42. Kh2 Ra7 43. h4 a5 44. h5 Rh7 45. g4 a4 46. Ra6 Re7
47. Rxa4 Re2+ 48. Kg3 Re1 49. Kf4 Re7 50. h6 Rf7+ 51. Kg5 Ke8 {Game drawn by
mutual agreement} 1/2-1/2

[Event "Team 45 45 League T81"]
[Site "Internet Chess Club"]
[Date "2019.07.26"]
[Round "5"]
[White "SeniorCitizen"]
[Black "seldredg"]
[Result "0-1"]
[WhiteElo "1196"]
[BlackElo "1369"]
[Opening "Philidor: Improved Hanham variation"]
[ECO "B07"]
[Time "13:31:40"]
[TimeControl "2700+45"]

1. e4 d6 2. d4 Nf6 3. Nc3 Nbd7 4. Nf3 e5 5. dxe5 dxe5 6. a3 Be7 7. Be2 c6 8. Be3
Qc7 9. O-O h6 10. Qd2 Ng4 11. h3 Nxe3 12. Qxe3 Nf8 13. Rad1 Be6 14. Qc1 g5 15.
Nh2 Ng6 16. Bg4 Bxg4 17. Nxg4 h5 18. Nh2 Nf4 19. Nf3 g4 20. hxg4 hxg4 21. Nh2
Rg8 22. Qe3 b6 23. g3 Nh3+ 24. Kg2 Bd6 25. Qe2 O-O-O 26. Nxg4 Qd7 27. Nf6 Qe6
28. Nxg8 Rxg8 29. Rh1 Nf4+ {White resigns} 0-1

[Event "Team 45 45 League T81"]
[Site "Internet Chess Club"]
[Date "2019.07.29"]
[Round "5"]
[White "Chess4Him"]
[Black "CMAlge"]
[Result "1-0"]
[WhiteElo "1477"]
[BlackElo "1316"]
[Opening "Queen's pawn, Mason variation"]
[ECO "D00"]
[Time "21:00:42"]
[TimeControl "2700+45"]

1. d4 d5 2. Bf4 Nf6 3. e3 c5 4. c3 Nc6 5. Bd3 Bg4 6. Nf3 e6 7. h3 Bf5 8. Bxf5
exf5 9. Qc2 Ne4 10. Nbd2 Bd6 11. O-O O-O 12. dxc5 Bxf4 13. exf4 Qc7 14. g3 Rad8
15. Nd4 Ne7 16. b4 Rfe8 17. N2f3 Qc8 18. Kg2 Ng6 19. Rfe1 Ne7 20. a4 Nc6 21.
Rac1 Re7 22. Ng5 Rde8 23. Nxe4 fxe4 24. Re3 g6 25. Nb5 Qe6 26. Nd4 Nxd4 27. cxd4
h5 28. b5 g5 29. c6 b6 30. Qe2 Qg6 31. fxg5 Qxg5 32. Rec3 e3 33. fxe3 Rxe3 34.
Rxe3 Rxe3 35. Qf2 h4 36. Rg1 Kf8 37. g4 Rg3+ 38. Kh2 Rd3 39. c7 Rc3 40. Qf5 Qxf5
41. gxf5 Rxc7 42. f6 Rc4 43. Rg4 Rxa4 44. Rxh4 Ke8 45. Rf4 Ra5 46. h4 Rxb5 47.
h5 Rb2+ 48. Kg3 Rc2 49. h6 Rc1 50. h7 Rh1 51. Rh4 Rg1+ 52. Kh2 {Black resigns}
1-0

[Event "Team 45 45 League T81"]
[Site "Internet Chess Club"]
[Date "2019.07.26"]
[Round "5"]
[White "OGO"]
[Black "BrerRabbit"]
[Result "1-0"]
[WhiteElo "1233"]
[BlackElo "1370"]
[Opening "Caro-Kann: classical variation"]
[ECO "B18"]
[Time "15:01:11"]
[TimeControl "2700+45"]

1. e4 c6 2. d4 d5 3. Nc3 dxe4 4. Nxe4 Bf5 5. Ng3 Bg6 6. Nf3 Nd7 7. Bc4 e6 8. O-O
Ngf6 9. c3 Bd6 10. Bg5 h6 11. Be3 O-O 12. Rc1 Nb6 13. Bb3 Nbd5 14. c4 Nxe3 15.
fxe3 Bxg3 16. hxg3 Ng4 17. Qe2 Nf6 18. Ne5 Be4 19. Bc2 Qc7 20. Rf4 Bxc2 21. Rxc2
c5 22. Qf3 cxd4 23. exd4 Rad8 24. Ng4 Nxg4 25. Qxg4 Kh8 26. Rcf2 Rd7 27. Qh5 Kg8
28. Rg4 Kh7 29. Rh4 Qxc4 30. Rf6 Qd5 31. Rxh6+ gxh6 32. Qxh6+ Kg8 33. Qh8#
{Black checkmated} 1-0

[Event "Team 45 45 League T81"]
[Site "Internet Chess Club"]
[Date "2019.07.28"]
[Round "5"]
[White "pagliaci"]
[Black "stantheman59"]
[Result "1-0"]
[WhiteElo "1301"]
[BlackElo "1230"]
[Opening "Sicilian: closed"]
[ECO "B23"]
[Time "11:01:10"]
[TimeControl "2700+45"]

1. e4 c5 2. Nc3 d6 3. g3 g6 4. Bg2 e5 5. d3 Nf6 6. f4 Nc6 7. Nf3 Bg4 8. h3 Bxf3
9. Qxf3 Nd4 10. Qf2 Qb6 11. O-O O-O-O 12. fxe5 dxe5 13. Qxf6 Qxf6 14. Rxf6 Nxc2
15. Rb1 Rxd3 16. Nd5 Rxg3 17. Kh2 Rd3 18. Rxf7 Ne1 19. Bf1 Rd4 20. Be3 Nf3+ 21.
Rxf3 Rxe4 22. b3 Rh4 23. Bf2 Rh5 24. Nf6 Rf5 25. Rxf5 gxf5 26. Re1 Bd6 27. Bd3
e4+ 28. Kg1 exd3 29. Rd1 Rf8 30. Nh5 Rg8+ 31. Kf1 Rg5 32. Nf6 c4 33. bxc4 h5 34.
Rxd3 Kc7 35. Ne8+ Kc6 36. Rxd6# {Black checkmated} 1-0

[Event "Team 45 45 League T81"]
[Site "Internet Chess Club"]
[Date "2019.07.26"]
[Round "5"]
[White "kingsrook"]
[Black "jeffk"]
[Result "1-0"]
[WhiteElo "1243"]
[BlackElo "1111"]
[Opening "Queen's pawn"]
[ECO "A40"]
[Time "13:31:11"]
[TimeControl "2700+45"]

1. d4 e6 2. c4 g6 3. Nc3 Nf6 4. Nf3 Nc6 5. e4 d6 6. Bd3 Bg7 7. Bg5 e5 8. d5 Nb4
9. Qa4+ Bd7 10. Qxb4 b6 11. O-O O-O 12. h3 a5 13. Qb3 a4 14. Qb4 Qb8 15. Bxf6
Bxf6 16. Nb5 Bxb5 17. Qxb5 Ra5 18. Qb4 Qb7 19. Rac1 Be7 20. Nxe5 Bg5 21. Nc6 Rc5
22. f4 Bh4 23. Qxa4 Ra8 24. Qb3 Bf6 25. e5 dxe5 26. fxe5 Bg5 27. Rcd1 Be3+ 28.
Kh1 h5 29. Bxg6 fxg6 30. Qxe3 Rxc4 31. Qh6 Rxa2 32. Qxg6+ {Black resigns} 1-0

[Event "Team 45 45 League T81"]
[Site "Internet Chess Club"]
[Date "2019.07.25"]
[Round "5"]
[White "kidviper"]
[Black "Ajolote"]
[Result "1/2-1/2"]
[WhiteElo "1849"]
[BlackElo "1939"]
[Opening "Sicilian: Nimzovich-Rossolimo attack (without ...d6)"]
[ECO "B30"]
[Time "19:02:42"]
[TimeControl "2700+45"]

1. e4 c5 2. Nf3 Nc6 3. Bb5 d6 4. O-O e5 5. h3 f5 6. d3 Be7 7. Bc4 Na5 8. Bxg8
Rxg8 9. c3 fxe4 10. Qa4+ Qd7 11. Qxe4 Qf5 12. Na3 g5 13. b4 g4 14. Qxf5 Bxf5 15.
hxg4 Bxg4 16. Ne1 cxb4 17. cxb4 Nc6 18. f3 Bf5 19. b5 Nb4 20. Nc4 Nxd3 21. Ba3
d5 22. Bxe7 Kxe7 23. Ne3 Nxe1 24. Nxf5+ Ke6 25. Nd4+ exd4 26. Rfxe1+ Kd6 27.
Rad1 Rac8 28. Re2 Rc4 29. f4 Rf8 30. g3 Rc3 31. Rxd4 Rxg3+ 32. Kf2 Rc3 33. Re3
Rxe3 34. Kxe3 Kc5 35. Rd2 h5 36. Rh2 Rf5 37. Rb2 {Game drawn by mutual
agreement} 1/2-1/2

[Event "Team 45 45 League T81"]
[Site "Internet Chess Club"]
[Date "2019.07.25"]
[Round "5"]
[White "joaoazm"]
[Black "kidcobra"]
[Result "1/2-1/2"]
[WhiteElo "1779"]
[BlackElo "1817"]
[Opening "King's Indian: Petrosian system, main line"]
[ECO "E93"]
[Time "19:17:43"]
[TimeControl "2700+45"]

1. d4 Nf6 2. Nf3 g6 3. c4 Bg7 4. Nc3 O-O 5. e4 d6 6. Be2 e5 7. d5 Nbd7 8. Be3
Ne8 9. O-O h6 10. Qc1 Kh7 11. b3 f5 12. exf5 gxf5 13. Bd2 Qf6 14. Kh1 e4 15. Ng1
Ne5 16. Qc2 Ng6 17. Nh3 f4 18. Qxe4 Bf5 19. Qf3 Nh4 20. Qh5 Bg6 21. Qg4 Bf5 22.
Qh5 Bg6 23. Qg4 Bf5 24. Qh5 {Game drawn by repetition} 1/2-1/2

[Event "Team 45 45 League T81"]
[Site "Internet Chess Club"]
[Date "2019.07.25"]
[Round "5"]
[White "KidRattler"]
[Black "MarcB"]
[Result "0-1"]
[WhiteElo "1624"]
[BlackElo "1685"]
[Opening "Réti opening"]
[ECO "A05"]
[Time "20:04:52"]
[TimeControl "2700+45"]

1. Nf3 Nf6 2. b3 d5 3. Bb2 e6 4. e3 c5 5. Be2 Nbd7 6. O-O Bd6 7. c4 O-O 8. Na3
a6 9. Rc1 Qe7 10. d4 cxd4 11. Nc2 dxe3 12. Nxe3 dxc4 13. Nxc4 Bb4 14. a3 Bc5 15.
b4 Ba7 16. Qb3 b5 17. Na5 Bb6 18. Nc6 Qd6 19. Rfd1 Nd5 20. a4 Bb7 21. axb5 axb5
22. Bxb5 Rfc8 23. Nce5 Bxf2+ 24. Kxf2 Qb6+ 25. Bd4 Qxb5 26. Nxd7 Qxd7 27. Ne5
Qd6 28. Rxc8+ Rxc8 29. Nd3 Qxh2 30. Be5 Qh4+ 31. Bg3 Qd4+ 32. Ke1 Qe3+ 33. Kf1
Qxg3 34. Nc5 Qxb3 35. Nxb3 Ne3+ 36. Ke2 Nxd1 37. g4 Nc3+ 38. Kd3 Nb5 39. Na5 Bd5
40. g5 Rc3+ 41. Kd2 Rg3 42. g6 hxg6 43. Kc1 Rg2 44. Kd1 Kh7 45. Nc4 Bxc4 46. Ke1
Kh6 47. Kd1 Kg5 48. Kc1 Kf4 49. Kd1 Ke3 50. Kc1 Kd3 51. Kb1 Kc3 52. Ka1 Rg1#
{White checkmated} 0-1

[Event "Team 45 45 League T81"]
[Site "Internet Chess Club"]
[Date "2019.07.29"]
[Round "5"]
[White "Insan996"]
[Black "BJJ"]
[Result "1-0"]
[WhiteElo "1594"]
[BlackElo "1427"]
[Opening "QGD: Orthodox defense"]
[ECO "D63"]
[Time "11:11:49"]
[TimeControl "2700+45"]

1. d4 d5 2. Nf3 e6 3. c4 Nf6 4. Nc3 Nbd7 5. Bg5 Be7 6. e3 O-O 7. Rc1 c6 8. Be2
Qc7 9. O-O Re8 10. a3 a5 11. cxd5 exd5 12. Bf4 Bd6 13. Nb5 Qd8 14. Nxd6 Ne4 15.
Nxe8 Qxe8 16. Bd3 f5 17. Bxe4 fxe4 18. Ne5 Nf6 19. h3 Nd7 20. Nxd7 Bxd7 21. f3
Qg6 22. Kh2 Rf8 23. fxe4 Qxe4 24. Bd6 Re8 25. Qf3 Qxf3 26. Rxf3 h5 27. Rcf1 Re6
28. Be5 Rg6 29. Rf7 Be6 30. Rxb7 Rg5 31. Rc7 Bf5 32. Rxg7+ Rxg7 33. Bxg7 Kxg7
34. Rxf5 Kg6 35. Rf1 Kg5 36. Kg3 h4+ 37. Kf3 Kf5 38. g4+ hxg3 39. Kxg3+ Ke4 40.
Rf3 c5 41. dxc5 d4 42. exd4 a4 43. c6 Kxd4 44. c7 Kc4 45. c8=Q+ Kb5 46. Rf5+ Kb6
47. Qe6+ Kc7 48. Rf7+ Kd8 49. Qd7# {Black checkmated} 1-0

[Event "Team 45 45 League T81"]
[Site "Internet Chess Club"]
[Date "2019.07.29"]
[Round "5"]
[White "calsal"]
[Black "cityprosecutor"]
[Result "1-0"]
[WhiteElo "1832"]
[BlackElo "1653"]
[Opening "Pirc defense"]
[ECO "B07"]
[Time "18:17:46"]
[TimeControl "2700+45"]

1. e4 d6 2. d4 Nf6 3. Nc3 g6 4. Be3 Bg7 5. Qd2 c6 6. f3 h5 7. Bd3 b5 8. Nce2 a5
9. O-O-O Na6 10. c3 b4 11. c4 c5 12. d5 Nd7 13. f4 Bb7 14. Nf3 Qc7 15. Ng5 a4
16. Rhf1 Rf8 17. f5 gxf5 18. Rxf5 Ne5 19. Rdf1 a3 20. b3 Bc8 21. R5f2 Bd7 22.
Ng3 f6 23. Nxh5 Bh8 24. Nf3 Ng4 25. Re2 Nxe3 26. Qxe3 O-O-O 27. Ng3 Bg7 28. Nf5
Bxf5 29. exf5 Rd7 30. Nh4 Rh8 31. Qg3 Bh6+ 32. Kb1 Qd8 33. Ng6 Rg8 34. Qf3 Nb8
35. Qh5 Bg7 36. Qh7 Rc7 37. Rfe1 {Black forfeits on time} 1-0

[Event "Team 45 45 League T81"]
[Site "Internet Chess Club"]
[Date "2019.07.27"]
[Round "5"]
[White "idjit"]
[Black "BrianWood"]
[Result "1-0"]
[WhiteElo "1615"]
[BlackElo "1568"]
[Opening "Sicilian: Grand Prix attack"]
[ECO "B23"]
[Time "20:56:42"]
[TimeControl "2700+45"]

1. e4 c5 2. Nc3 Nc6 3. f4 g6 4. Nf3 Bg7 5. Bb5 Nd4 6. O-O a6 7. Bd3 d6 8. Nxd4
cxd4 9. Ne2 e5 10. c3 Ne7 11. f5 Nc6 12. Qe1 O-O 13. Qf2 d5 14. exd5 Qxd5 15. f6
Bh8 16. Ng3 dxc3 17. Be4 cxb2 18. Bxb2 Qe6 19. h4 Bd7 20. h5 Rac8 21. Ba3 Rfe8
{Black resigns} 1-0

[Event "Team 45 45 League T81"]
[Site "Internet Chess Club"]
[Date "2019.07.29"]
[Round "5"]
[White "Demachaeron"]
[Black "RD1974"]
[Result "1/2-1/2"]
[WhiteElo "1741"]
[BlackElo "1580"]
[Opening "French defense"]
[ECO "C00"]
[Time "22:01:36"]
[TimeControl "2700+45"]

1. e4 e6 2. Nf3 d5 3. exd5 exd5 4. d4 Nf6 5. Nc3 Bf5 6. Be2 Bd6 7. O-O h6 8. Re1
O-O 9. a3 c6 10. b4 Nbd7 11. Bd2 Qc7 12. h3 Rfe8 13. Be3 Rxe3 14. fxe3 Bg3 15.
Rf1 Re8 16. Ne5 Rxe5 17. dxe5 Bxh3 18. gxh3 Qxe5 19. Rf3 Nh5 20. Qd4 Bh2+ 21.
Kg2 Nf4+ 22. exf4 Qxd4 23. Kxh2 Nf6 24. Rd1 Qb6 25. Bd3 Qc7 26. Re1 g6 27. Re5
Kg7 28. Ne2 Qd6 29. c3 Nh5 30. Rfe3 Qf6 31. f5 Qh4 32. Rf3 Nf6 33. Kg2 g5 34.
Rg3 Nh5 35. Rf3 Nf6 36. Rg3 Nh5 37. Rf3 Nf6 {Game drawn by repetition} 1/2-1/2

[Event "Team 45 45 League T81"]
[Site "Internet Chess Club"]
[Date "2019.07.28"]
[Round "5"]
[White "az2112"]
[Black "Megasus"]
[Result "1-0"]
[WhiteElo "1473"]
[BlackElo "1513"]
[Opening "Sicilian: Taimanov variation"]
[ECO "B46"]
[Time "21:00:23"]
[TimeControl "2700+45"]

1. e4 c5 2. Nf3 a6 3. d4 cxd4 4. Nxd4 Nc6 5. Nc3 e6 6. f4 Qb6 7. Nb3 Qa7 8. Qf3
Nb4 9. Bd3 Nxd3+ 10. cxd3 b5 11. Be3 Qc7 12. Rc1 Bb4 13. O-O Qb8 14. f5 Nf6 15.
fxe6 dxe6 16. e5 Bb7 17. Ne4 Qxe5 18. Nxf6+ gxf6 19. Qxb7 Qxe3+ 20. Kh1 O-O 21.
Rxf6 Ra7 22. Qe4 Qxe4 23. dxe4 Rd7 24. h3 a5 25. a3 Be7 26. Rf3 a4 27. Nc5 Rc7
28. Nd3 Rxc1+ 29. Nxc1 Rc8 30. Nd3 Rc2 31. g3 Rd2 32. Ne5 f6 33. Ng4 Kf7 34. b4
Rd1+ 35. Kg2 Rd2+ 36. Kf1 Ra2 37. Ne5+ Kg7 38. Nc6 Bd6 39. Nd4 Ra1+ 40. Ke2 Ra2+
41. Kd1 Kf7 42. Nxb5 Be5 43. Rd3 Ra1+ 44. Ke2 Rb1 45. g4 Rb3 46. Rxb3 axb3 47.
Kd3 b2 48. Kc2 Ke7 49. a4 Kd7 50. Na3 Bd6 51. Kb3 Kc7 52. Nb1 Kc6 53. Kxb2 Bxb4
54. Kb3 Bd6 55. Kc4 Kb6 56. Nc3 Be5 57. Nb5 Ka5 58. Kb3 h6 59. Nc3 Bd6 60. Nb1
Kb6 61. Na3 Bc5 62. Nc4+ Ka6 63. e5 f5 64. gxf5 exf5 65. e6 f4 66. Ne5 Be7 67.
Kc4 Ba3 68. Kd3 Bd6 69. Ke4 f3 70. Nxf3 Ka5 71. Nd4 Kxa4 72. Nf5 Bf8 73. Nxh6
{Black resigns} 1-0